[Event "*** Titled Tuesday Blitz"]
[Site "Chess.com"]
[Date "2020.04.07"]
[Round "8"]
[White "Charlottemillard17"]
[Black "Blagorod"]
[Result "0-1"]
[WhiteElo "1319"]
[BlackElo "2114"]
[TimeControl "180+1"]
[EndTime "14:33:49 PDT"]
[Termination "Blagorod won on time"]

1. e4 e5 2. Nf3 Nf6 3. Nc3 Bb4 4. a3 Bxc3 5. dxc3 O-O 6. Bd3 d5 7. Bg5 dxe4 8. Bxf6 Qxf6 9. Bxe4 Nd7 10. O-O Nc5 11. Re1 Bg4 12. h3 Bh5 13. g4 Nxe4 14. Rxe4 Bg6 15.
Rxe5 Bxc2 16. Qxc2 Qxf3 17. Rh5 g6 18. Rh6 Rfe8 19.
Qd1 Qe2 20. Qd5 Qxb2 21. Rd1 Qxc3 22. Qd7 Qe5 23. h4 Rad8 0-1

[Event "*** Titled Tuesday Blitz"]
[Site "Chess.com"]
[Date "2020.04.07"]
[Round "8"]
[White "severomorskij"]
[Black "FabianoCaruana"]
[Result "0-1"]
[WhiteElo "2852"]
[BlackElo "3041"]
[TimeControl "180+1"]
[EndTime "14:33:50 PDT"]
[Termination "FabianoCaruana won on time"]

1. d4 d5 2. c4 c6 3. Nc3 Nf6 4. Nf3 dxc4 5. a4 Bf5 6. Nh4 Bc8 7. e3 Bg4 8. Nf3 e6 9. Bxc4 Bb4 10. h3 Bh5 11. O-O Nbd7 12. Bd3 O-O 13. e4 e5 14. g4 Nxg4 15. hxg4 Bxg4 16. Be2 Bh3 17. dxe5 Bxf1 18. Qxf1 Re8 19. Bf4 Nf8 20. Rd1 Qa5 21. Bg3 Bxc3 22.
bxc3 Qxc3 23. Rc1 Qb3 24. Ng5 Qxa4 25. Bc4 Re7 26. Qh3 Rd8 27. Kg2 b5 28. Nxf7 Rxf7 29.
Bxf7+ Kxf7 30. Qf5+ Kg8 31. e6 Ng6 32. e7 Nxe7 33.
Qe6+ Kf8 34. Bh4 Ng6 35. Qf5+ Ke8 36. Qe6+ Kf8 37. Qf5+ Ke8 38. Bxd8 Kxd8 39. Qg5+ Kc7 40. Qg3+ Kb7 41. Qd3 Nf4+ 0-1

[Event "*** Titled Tuesday Blitz"]
[Site "Chess.com"]
[Date "2020.04.07"]
[Round "8"]
[White "kallerotmg"]
[Black "vaps"]
[Result "1-0"]
[WhiteElo "2188"]
[BlackElo "1969"]
[TimeControl "180+1"]
[EndTime "14:33:50 PDT"]
[Termination "kallerotmg won by resignation"]

1. e4 c5 2. Nf3 e6 3. Nc3 Nc6 4. d4 cxd4 5. Nxd4 Qc7 6. g3 a6 7. Bg2 Nf6 8. O-O Nxd4 9. Qxd4 Bc5 10. Bf4 d6 11. Qd2 h6 12. Rad1 Ke7 13. Na4 e5 14.
Be3 Bxe3 15. Qxe3 b5 16. Nb6 Rb8 17. Nd5+ Nxd5 18. exd5 Bf5 19. f4 Bg4 20. Rde1 Qb6 21. Qxb6 Rxb6 22. fxe5 dxe5 23. Rxe5+ Kd6 24. Re3 f6 25.
Rfe1 Rc8 26. Re7 g5 27. c3 Bf5 28. Rf7 Kc5 29. Rf1 Bb1 30. R1xf6 Bxa2 31. b4+ 1-0

[Event "*** Titled Tuesday Blitz"]
[Site "Chess.com"]
[Date "2020.04.07"]
[Round "8"]
[White "MikeSailer"]
[Black "SanchezKelvin"]
[Result "0-1"]
[WhiteElo "2063"]
[BlackElo "2328"]
[TimeControl "180+1"]
[EndTime "14:33:51 PDT"]
[Termination "SanchezKelvin won by checkmate"]

1. d4 d5 2. Bf4 Nf6 3. e3 c5 4.
Nf3 Nc6 5. c3 Qb6 6. Qb3 c4 7.
Qc2 Bf5 8. Qc1 e6 9. Be2 Qa5 10. O-O Be7 11. Nbd2 O-O 12. Ne5 Rfc8 13. Ndf3 Nd8 14.
h3 Ne4 15. Nd2 Nf6 16. Re1 b5 17. Bf3 Bf8 18. e4 Bg6 19. exd5 Nxd5 20. Bg3 b4 21. Bxd5 exd5 22. Nxg6 hxg6 23. Nf3 Ne6 24. Ne5 bxc3 25. bxc3 Ba3 26. Qd2 Nf8 27. Rab1 Qa6 28. Qf4 Qf6 29. Qxf6 gxf6 30. Ng4 Rc6 31. Ne3 Rd8 32. Rb7 Ra6 33. Reb1 Bd6 34. Bxd6 Rdxd6 35. R1b2 Ne6 36. Nc2 Nf4 37. Kf1 Nd3 38. R2b5 Rxa2 39. Nb4 Nxb4 40. Rxb4 Ra3 41. Rc7 Re6 42. g3 Re8 43. Rb5 Rxc3 44. Rxa7 Rc1+ 45. Kg2 Rc2 46. Rxd5 Ree2 47. h4 Rxf2+ 48.
Kh3 f5 49. g4 Rf3# 0-1

[Event "*** Titled Tuesday Blitz"]
[Site "Chess.com"]
[Date "2020.04.07"]
[Round "8"]
[White "Nikolakis2014"]
[Black "AminMolaei"]
[Result "1-0"]
[WhiteElo "2708"]
[BlackElo "2534"]
[TimeControl "180+1"]
[EndTime "14:33:52 PDT"]
[Termination "Nikolakis2014 won by checkmate"]

1. Nf3 d5 2. d4 Nf6 3. c4 e6 4. g3 Bb4+ 5. Nc3 O-O 6. Bg2 dxc4 7. a3 Bxc3+ 8. bxc3 Nc6 9. O-O Na5 10. Bg5 Rb8 11. e4 h6 12. Bh4 Qd7 13. Ne5 Qb5 14. Bxf6 gxf6 15. Ng4 Qg5 16. f4 Qg6 17. e5 f5 18.
Nf6+ Kh8 19. Ra2 b6 20. Bf3 Rd8 21. Rg2 c5 22. g4 cxd4 23. cxd4 Bb7 24. Bxb7 Nxb7 25.
gxf5 Qxf5 26. Qf3 Na5 27. Qg3 Qg6 28. Qh4 Rg8 29. Rxg6 Rxg6+ 30. Kh1 c3 31. f5 exf5 32. d5 c2 33. d6 Nb3 34. d7 c1=Q 35. Rxc1 Nxc1 36.
Qc4 Nd3 37. Qxd3 Rd8 38. Qxf5 Kg7 39. h4 Rg5 40. hxg5 hxg5 41. Qh7+ Kf8 42. Qh6+ Ke7 43. Nd5+ Kxd7 44. Qd6+ Ke8 45. Qe7# 1-0

[Event "*** Titled Tuesday Blitz"]
[Site "Chess.com"]
[Date "2020.04.07"]
[Round "8"]
[White "stolencandy13"]
[Black "Vuk2000"]
[Result "0-1"]
[WhiteElo "2433"]
[BlackElo "2627"]
[TimeControl "180+1"]
[EndTime "14:33:53 PDT"]
[Termination "Vuk2000 won by resignation"]

1. e4 e6 2. d4 d5 3. Nd2 Be7 4. Bd3 c5 5. exd5 exd5 6. dxc5 Bxc5 7. Ngf3 Nc6 8. O-O Nge7 9. Nb3 Bd6 10. Nfd4 O-O 11.
c3 Ne5 12. Bc2 a5 13. a4 b6 14. Bf4 Ba6 15. Re1 Nc4 16. Bxd6 Qxd6 17. Qh5 Ng6 18.
Nf5 Qf6 19. Rab1 Rfe8 20. Bd3 h6 21. Bxc4 Bxc4 22. Nbd4 Bd3 23. Rbd1 Re5 24. Rxe5 Qxe5 25. Nxh6+ gxh6 26. Qxe5 Nxe5 27. f4 Nc4 28. Rxd3 Nxb2 29.
Rg3+ Kf8 30. Nf5 Nxa4 31. Rh3 Kg8 32. Rg3+ Kh7 33. Rg7+ Kh8 34. Rxf7 Nxc3 35. Nxh6 a4 36. Ng4 Ne4 37. Ne5 a3 38. Ng6+ Kg8 39. Rb7 a2 40. h3 a1=Q+ 41. Kh2 Ra7 42. Ne7+ Kf7 0-1

[Event "*** Titled Tuesday Blitz"]
[Site "Chess.com"]
[Date "2020.04.07"]
[Round "8"]
[White "ENEASZ"]
[Black "TwentyHourADay"]
[Result "1-0"]
[WhiteElo "2508"]
[BlackElo "2330"]
[TimeControl "180+1"]
[EndTime "14:33:55 PDT"]
[Termination "ENEASZ won on time"]

1. e4 c5 2. c3 Nf6 3. e5 Nd5 4. d4 cxd4 5. Nf3 d6 6. cxd4 e6 7. Bd3 Nc6 8. a3 Bd7 9. O-O Be7 10. Qe2 O-O 11. Qe4 g6 12. Bh6 Re8 13.
Nbd2 dxe5 14. dxe5 Bf8 15. Bxf8 Rxf8 16. Nc4 Nce7 17.
Nd6 Bc6 18. Qh4 Nf5 19. Qxd8 Raxd8 20. Bxf5 gxf5 21. Nd4 Ne7 22. Rfd1 Bd5 23. Rac1 Rd7 24. f4 f6 25. Kf2 Ng6 26. N4xf5 fxe5 27. fxe5 Nxe5 28. Ke3 Ng4+ 29. Kd4 exf5 30. Kxd5 Rfd8 31. Ke6 Nf2 32. Rd5 Ng4 33. Nxf5 Rxd5 34. Ne7+ Kf8 35.
Nxd5 Nxh2 36. Rh1 Ng4 37. Rxh7 Re8+ 38. Kf5 Re5+ 39. Kxg4 Rxd5 40. Rxb7 a5 41. b3 1-0

[Event "*** Titled Tuesday Blitz"]
[Site "Chess.com"]
[Date "2020.04.07"]
[Round "8"]
[White "Indianlad"]
[Black "BobanBogosavljevic"]
[Result "1-0"]
[WhiteElo "3007"]
[BlackElo "2779"]
[TimeControl "180+1"]
[EndTime "14:33:56 PDT"]
[Termination "Indianlad won on time"]

1. d4 d5 2. c4 c6 3. Nc3 Nf6 4. e3 Bf5 5. cxd5 cxd5 6. Qb3 Nc6 7. Qxb7 Bd7 8. Qb3 Rb8 9. Qd1 e5 10. Nge2 Bd6 11. dxe5 Nxe5 12. Nf4 O-O 13. Be2 Nc4 14. Nfxd5 Nxb2 15. Qd4 Nxd5 16. Nxd5 Re8 17. Bxb2 Be5 18. Qxe5 Rxe5 19. Bxe5 Qa5+ 20. Kf1 Re8 21. Nf6+ gxf6 22. Bxf6 Bb5 23. Bd4 Rc8 24. Bxb5 Qxb5+ 25. Kg1 Rc2 26. h4 Qb7 27. Rh3 Qc7 28. Rg3+ Kf8 29. a4 Rc1+ 30. Rxc1 Qxc1+ 31. Kh2 a6 32. Rf3 Qc7+ 33. Rf4 Qc6 34.
a5 Qc7 35. Bb6 Qe5 36. g4 h5 37. g5 Kg8 38. Kg3 Qd6 39. f3 Qd1 40. e4 Qe1+ 41. Kg2 Qd2+ 42. Kg3 Qe1+ 43. Bf2 Qxa5 44. Rf5 Qc7+ 45.
f4 a5 46. Rc5 Qd8 47. Rd5 Qc7 48. Bd4 a4 49. Bf6 Kh7 50. Rd8 Qxd8 51. Bxd8 a3 52. Bf6 1-0

[Event "*** Titled Tuesday Blitz"]
[Site "Chess.com"]
[Date "2020.04.07"]
[Round "8"]
[White "almo64"]
[Black "nurgyulsalimova"]
[Result "1-0"]
[WhiteElo "2751"]
[BlackElo "2553"]
[TimeControl "180+1"]
[EndTime "14:33:57 PDT"]
[Termination "almo64 won by resignation"]

1. e4 c6 2. Nf3 d5 3. Nc3 dxe4 4.
Nxe4 Nf6 5. Qe2 Nxe4 6. Qxe4 Nd7 7. Bc4 Nf6 8. Ne5 e6 9. Qe2 b5 10. Bd3 Bb7 11. a4 a6 12. O-O Bd6 13. b3 O-O 14.
Bb2 Nd5 15. Qh5 h6 16. Qf3 Qg5 17. Rfe1 Qf4 18. Qe4 Qxe4 19. Bxe4 Bxe5 20. Bxe5 Rfd8 21. d3 f6 22. Bb2 e5 23. g3 Rab8 24. d4 exd4 25.
Bxd4 Kf7 26. Bc5 Re8 27. h4 Rbd8 28. h5 Re5 29. Bg6+ Kg8 30. f4 Rxe1+ 31. Rxe1 bxa4 32. bxa4 a5 33. c4 Nc3 34. Bb6 Rc8 35. Re7 Nxa4 36.
Rxb7 1-0

[Event "*** Titled Tuesday Blitz"]
[Site "Chess.com"]
[Date "2020.04.07"]
[Round "8"]
[White "H3nriqueTV"]
[Black "eightbyeightchess"]
[Result "0-1"]
[WhiteElo "2169"]
[BlackElo "2330"]
[TimeControl "180+1"]
[EndTime "14:33:57 PDT"]
[Termination "eightbyeightchess won by checkmate"]

1. b3 d5 2. Bb2 Nf6 3. e3 Nc6 4. Nf3 Bg4 5. Bb5 e6 6. h3 Bh5 7. g4 Bg6 8. Ne5 Nd7 9. Nxc6 bxc6 10. Bxc6 Rb8 11. d3 h5 12. Nd2 hxg4 13. Qxg4 Rb6 14. Qa4 Bd6 15. O-O-O Ke7 16. Bd4 Rb4 17. Qxa7 Nb8 18.
Ba4 e5 19. Bc3 Rb6 20. Qa5 Qc8 21. Qxd5 Qa6 22. Kb1 Qxa4 23. Nc4 Rb5 24. Qf3 Qa6 25. d4 e4 26. Qg3 Bxg3 27. fxg3 Nc6 28. d5 Ra8 29. a4 Qxa4 30. Kc1 Rxb3 31. cxb3 Qxb3 32. dxc6 Qxc3+ 33. Kb1 Ra1# 0-1

[Event "*** Titled Tuesday Blitz"]
[Site "Chess.com"]
[Date "2020.04.07"]
[Round "8"]
[White "tgpgoat"]
[Black "tonyq11"]
[Result "0-1"]
[WhiteElo "2062"]
[BlackElo "2277"]
[TimeControl "180+1"]
[EndTime "14:33:57 PDT"]
[Termination "tonyq11 won by checkmate"]

1. e4 c5 2. Nf3 e6 3. d4 cxd4 4. Nxd4 Nc6 5. Nc3 Qc7 6. Be3 a6 7. Be2 b5 8. O-O Bb7 9. f4 d6 10.
Bf3 Nf6 11. f5 Nxd4 12. Qxd4 Be7 13. Rad1 O-O 14. g4 Nd7 15. Kh1 Ne5 16. Be2 Rac8 17.
g5 exf5 18. Rxf5 Qd7 19. Rxe5 f6 20. Rd5 fxg5 21. Bxg5 Bxd5 22. Qxd5+ Kh8 23. Be3 Qh3 24. Bd4 b4 25. Rg1 Bf6 26. Bxf6 Rxf6 27. Qb7 Rg8 28.
Bg4 Qh4 29. Nd5 Rf2 30. h3 Rxc2 31. Ne7 Qf2 32. Rd1 Qh2# 0-1

[Event "*** Titled Tuesday Blitz"]
[Site "Chess.com"]
[Date "2020.04.07"]
[Round "8"]
[White "beccrajoy"]
[Black "Sneakiest_Of_Snakes"]
[Result "1-0"]
[WhiteElo "1806"]
[BlackElo "2106"]
[TimeControl "180+1"]
[EndTime "14:33:57 PDT"]
[Termination "beccrajoy won by checkmate"]

1. e4 c5 2. Nf3 d6 3. d4 cxd4 4. Nxd4 Nf6 5. Nc3 a6 6. Bg5 e6 7. f4 Qb6 8. Nb3 Nbd7 9. Qf3 Be7 10. O-O-O Qc7 11. Bd3 b5 12. Rhe1 Bb7 13. Qe2 b4 14. Nd5 Nxd5 15. exd5 Bxd5 16. Bxe7 Kxe7 17. f5 Ne5 18.
Be4 Bxe4 19. Qxe4 a5 20. Qh4+ Kd7 21. Rxe5 Rhc8 22. fxe6+ fxe6 23. Nc5+ Ke8 24. Rxe6+ Kf7 25. Qf4+ Kg8 26. Qc4 Kh8 27. Rde1 dxc5 28. Qe4 h6 29. Qg6 Qd7 30. Re7 Rc6 31. Qxg7# 1-0

[Event "*** Titled Tuesday Blitz"]
[Site "Chess.com"]
[Date "2020.04.07"]
[Round "8"]
[White "GMBenjaminFinegold"]
[Black "maciek_92"]
[Result "1-0"]
[WhiteElo "2579"]
[BlackElo "2707"]
[TimeControl "180+1"]
[EndTime "14:33:58 PDT"]
[Termination "GMBenjaminFinegold won by resignation"]

1. d4 Nf6 2. c4 e6 3. Nc3 Bb4 4. Qc2 O-O 5. Nf3 d5 6. cxd5 exd5 7. Bg5 h6 8. Bh4 Be6 9. e3 Nbd7 10. Bd3 c5 11.
O-O c4 12. Be2 Rc8 13. Ne5 Qa5 14. Nxd7 Nxd7 15. f4 f5 16. Bf3 Nf6 17. Bxf6 Rxf6 18. a3 Bf8 19. g3 Rd8 20. Qg2 Kh8 21. Kh1 g6 22. Ne2 h5 23. Ng1 Bg8 24. Be2 Re8 25. Nf3 Rxe3 26. Ne5 Qd2 27. Bf3 Qxg2+ 28. Kxg2 Kg7 29.
Rfe1 Rb3 30. Re2 Rfb6 31. Nd7 Re6 32. Rae1 Rxb2 33. Rxb2 Rxe1 34. Rxb7 Bxa3 35. Ne5+ Kf6 36. Rxa7 Bb2 37. Ra8 Be6 38. Rf8+ Kg7 39. Re8 Bg8 40. Rd8 Bxd4 41. Rd7+ Kf6 42. Rd6+ Ke7 43. Rxg6 Be6 44. Nc6+ Kf7 45. Rh6 Rg1+ 46. Kh3 Bg7 47. Nd8+ Kg8 48. Rxe6 c3 49. Bxd5 c2 50. Re1+ Kh7 51. Rxg1 Bb2 52. Be6 Kg6 53. Nc6 Kf6 54. Bb3 c1=Q 55. Rxc1 Bxc1 56.
Nd4 Bb2 57. Nf3 Bc1 58. Bc2 Ba3 59. Nh4 1-0

[Event "*** Titled Tuesday Blitz"]
[Site "Chess.com"]
[Date "2020.04.07"]
[Round "8"]
[White "Caracternin123"]
[Black "LogoCzar"]
[Result "1-0"]
[WhiteElo "2570"]
[BlackElo "2417"]
[TimeControl "180+1"]
[EndTime "14:33:58 PDT"]
[Termination "Caracternin123 won by checkmate"]

1. d4 d5 2. Nf3 Nf6 3. Bg5 Ne4 4.
Bh4 c5 5. e3 Nc6 6. Nbd2 Bf5 7.
Nxe4 Bxe4 8. Bd3 Bxf3 9. Qxf3 cxd4 10. exd4 Nxd4 11. Qg4 Nc6 12. O-O-O Qa5 13. Kb1 e6 14. a3 Ne5 15. Qg3 Nxd3 16. Rxd3 Rc8 17. f4 f5 18. Re1 Kf7 19. Qe3 Qb6 20. Qe2 Bc5 21. g4 g6 22. Rb3 Qc6 23. Rxb7+ Qxb7 24. Qxe6+ Kf8 25. Qf6+ Kg8 26. Qe6+ Kf8 27. gxf5 Bd4 28. b3 Kg7 29. f6+ Kh6 30. Bg5+ Kh5 31. Qh3# 1-0

[Event "*** Titled Tuesday Blitz"]
[Site "Chess.com"]
[Date "2020.04.07"]
[Round "8"]
[White "ChristopherYoo"]
[Black "BillieKimbah"]
[Result "1-0"]
[WhiteElo "2675"]
[BlackElo "2841"]
[TimeControl "180+1"]
[EndTime "14:33:59 PDT"]
[Termination "ChristopherYoo won on time"]

1. e4 c5 2. d4 cxd4 3. c3 dxc3 4. Nxc3 Nc6 5. Nf3 e6 6. Bc4 a6 7. O-O Nge7 8. Bg5 Qc7 9. Rc1 Ng6 10. Nd5 exd5 11. exd5 Nce5 12. Bb3 Qd6 13. Nxe5 Nxe5 14. Re1 f6 15. f4 fxg5 16. fxe5 Qb6+ 17. Kh1 Bb4 18.
d6 Bxe1 19. Qh5+ g6 20. Qxg5 Qd8 21. Qh6 Qh4 22. Qg7 Rf8 23. Bc4 Bg3 24. h3 b5 25.
Rf1 Bf4 26. Rxf4 Rxf4 27. Qg8+ Rf8 28. Bf7+ 1-0

[Event "*** Titled Tuesday Blitz"]
[Site "Chess.com"]
[Date "2020.04.07"]
[Round "8"]
[White "anon219"]
[Black "MartinCerveny"]
[Result "1-0"]
[WhiteElo "2807"]
[BlackElo "2634"]
[TimeControl "180+1"]
[EndTime "14:33:59 PDT"]
[Termination "anon219 won by resignation"]

1. e4 c5 2. Nf3 d6 3. Bb5+ Bd7 4. Bxd7+ Qxd7 5. c4 Nc6 6. Nc3 Nf6 7. d4 cxd4 8. Nxd4 Qg4 9. Qxg4 Nxg4 10. Nxc6 bxc6 11. Bf4 g5 12. Bxg5 Bg7 13. Bd2 Rg8 14. Ke2 Bd4 15. Be1 Ne5 16. g3 Nxc4 17. Kd3 Bxc3 18. Bxc3 d5 19.
Rae1 e6 20. f4 Kd7 21. exd5 cxd5 22. Rhf1 f5 23. Be5 h5 24. b3 Nxe5+ 25. Rxe5 Rgc8 26.
Rf2 Rc6 27. Rc2 Rac8 28. Rxc6 Rxc6 29. Re2 Kd6 30. Rc2 Rxc2 31. Kxc2 e5 32. fxe5+ Kxe5 33. Kd3 f4 34. gxf4+ Kxf4 35. b4 Kg4 36. b5 Kh3 37. a4 Kxh2 38. a5 Kg2 39. b6 axb6 40. axb6 h4 41. b7 h3 42. b8=Q h2 43. Qg8+ Kf2 44.
Qh7 Kg2 45. Qg6+ Kf2 46. Qh5 Kg2 47. Qg4+ Kf2 48. Qh3 Kg1 49. Qg3+ Kh1 50. Ke2 1-0

[Event "*** Titled Tuesday Blitz"]
[Site "Chess.com"]
[Date "2020.04.07"]
[Round "8"]
[White "Bagirova"]
[Black "dmvlad"]
[Result "1-0"]
[WhiteElo "2183"]
[BlackElo "2292"]
[TimeControl "180+1"]
[EndTime "14:33:59 PDT"]
[Termination "Bagirova won by checkmate"]

1. e4 c6 2. Nf3 d5 3. Nc3 Bg4 4. exd5 cxd5 5. d4 Nc6 6. Bb5 Nf6 7. h3 Bh5 8. O-O e6 9. Qd3 Bg6 10. Qe2 Bd6 11. Ne5 Qc7 12. Nxg6 hxg6 13. Bg5 O-O 14.
Bxc6 Qxc6 15. Bxf6 gxf6 16. f4 Rac8 17. Qf2 Bb4 18.
Ne2 Qxc2 19. Rac1 Qxb2 20. Rb1 Qa3 21. Rb3 Qa4 22. f5 exf5 23. Rg3 Bd6 24. Rb3 b6 25. g4 Rc2 26. Rf3 fxg4 27. hxg4 Qxa2 28. Qh4 Be7 29. Rh3 Rxe2 30. Qh8# 1-0

[Event "*** Titled Tuesday Blitz"]
[Site "Chess.com"]
[Date "2020.04.07"]
[Round "8"]
[White "DejanNestor64"]
[Black "ruslansezdbekov"]
[Result "0-1"]
[WhiteElo "2454"]
[BlackElo "2586"]
[TimeControl "180+1"]
[EndTime "14:34:01 PDT"]
[Termination "ruslansezdbekov won by checkmate"]

1. d4 Nf6 2. c4 e6 3. Nf3 d5 4. Nc3 Nbd7 5. Bg5 c6 6. cxd5 exd5 7. e3 Be7 8. Bd3 O-O 9. Qc2 Re8 10. h3 Nf8 11.
Bf4 Ng6 12. Bh2 Bd6 13. Bxd6 Qxd6 14. O-O-O b5 15. Kb1 b4 16. Na4 Ne4 17. Bxe4 dxe4 18. Nd2 Qd5 19. Rc1 Qf5 20. Nc4 Be6 21. Qe2 Rab8 22. b3 Bxc4 23. Rxc4 Ne7 24. Rc5 Qg6 25. g4 Nd5 26. Kb2 Re6 27. Rg1 Rf6 28. Rg3 Rd6 29. g5 Qf5 30. h4 h5 31. Rc1 g6 32. Rc5 Rb5 33. Rc2 Nb6 34. Nc5 Nd5 35. Na4 Ra5 36.
Nc5 Nc3 37. Rxc3 bxc3+ 38. Kxc3 Rxc5+ 39. dxc5 Qxc5+ 40. Kb2 Qa5 41. Kc1 Rd5 42. Rg1 Qc3+ 43. Kb1 Rd2 44. Rc1 Qb2# 0-1

[Event "*** Titled Tuesday Blitz"]
[Site "Chess.com"]
[Date "2020.04.07"]
[Round "8"]
[White "ShadyH9"]
[Black "BillCoe"]
[Result "1-0"]
[WhiteElo "2266"]
[BlackElo "2018"]
[TimeControl "180+1"]
[EndTime "14:34:01 PDT"]
[Termination "ShadyH9 won by resignation"]

1. e4 c5 2. Nf3 e6 3. d4 cxd4 4.
Nxd4 a6 5. Bd3 Qc7 6. O-O Nf6 7. Qe2 d6 8. Nc3 Be7 9. f4 Nbd7 10. Kh1 O-O 11. Bd2 b5 12. Rae1 Nc5 13. Nf3 Nxd3 14. cxd3 Bb7 15. Rc1 Qd7 16. a3 Rfc8 17. Be3 Bd8 18.
h3 Ba5 19. b4 Bd8 20. Nd4 Bb6 21. Nb3 Bxe3 22. Qxe3 Rc7 23. Na5 d5 24. Nxb7 d4 25. Qf2 Rxb7 26. Ne2 Rd8 27. Rc5 Ra7 28. Rfc1 a5 29.
Nxd4 axb4 30. axb4 Ra3 31. Rc7 Qd6 32. Nxb5 Qxd3 33.
Nxa3 Nxe4 34. Qf3 Qxf3 35. gxf3 Nf2+ 36. Kg2 Nd3 37. Rc8 Rf8 38. Rxf8+ Kxf8 39. Rb1 1-0

[Event "*** Titled Tuesday Blitz"]
[Site "Chess.com"]
[Date "2020.04.07"]
[Round "8"]
[White "LilRag"]
[Black "StoreySniper"]
[Result "0-1"]
[WhiteElo "2380"]
[BlackElo "2530"]
[TimeControl "180+1"]
[EndTime "14:34:03 PDT"]
[Termination "StoreySniper won by resignation"]

1. Nf3 d5 2. e3 c6 3. d4 Nf6 4. Bd3 Bg4 5. O-O e6 6. Nbd2 Nbd7 7. h3 Bh5 8. c4 Bg6 9. Qe2 Bxd3 10. Qxd3 Be7 11. e4 dxe4 12. Nxe4 O-O 13. b3 Nxe4 14. Qxe4 Bf6 15. Bb2 Qc7 16. Rad1 Rad8 17. Rfe1 Rfe8 18.
Qc2 a6 19. Re2 Nf8 20. g3 Ng6 21. h4 h6 22. Rde1 Rf8 23. Qb1 Ne7 24. Qe4 Nf5 25. Kg2 Rd7 26. Qg4 Rdd8 27. Re4 c5 28. Rd1 cxd4 29.
Nxd4 Bxd4 30. Bxd4 Qc6 31. Qf3 Rd7 32. Rg4 Qxf3+ 33. Kxf3 Rfd8 0-1

[Event "*** Titled Tuesday Blitz"]
[Site "Chess.com"]
[Date "2020.04.07"]
[Round "8"]
[White "m-garcett"]
[Black "Funkmaus"]
[Result "0-1"]
[WhiteElo "1906"]
[BlackElo "2189"]
[TimeControl "180+1"]
[EndTime "14:34:03 PDT"]
[Termination "Funkmaus won on time"]

1. e4 c6 2. d4 d5 3. exd5 cxd5 4. c4 Nf6 5. Nc3 Nc6 6. Nf3 g6 7. h3 Bg7 8. Be3 O-O 9. Bd3 a6 10. O-O dxc4 11. Bxc4 b5 12. Bb3 Bb7 13. a3 Na5 14.
Ba2 Rc8 15. Ne5 Nd7 16. f4 Nxe5 17. dxe5 Nc4 18. Bxc4 Rxc4 19. Qe2 e6 20. Rfd1 Qc7 21. Rac1 h6 22. Qf2 Rc8 23. Ne2 Kh7 24. b3 Rxc1 25. Rxc1 Qd7 26. Rxc8 Qxc8 27. b4 Qc6 28. Nd4 Qe4 29. Nb3 Qb1+ 30. Nc1 Bf8 31. Kh2 Be7 32. Qd2 Qe4 33. Nd3 Bd5 34. Nc5 Bxc5 35. Bxc5 g5 0-1

[Event "*** Titled Tuesday Blitz"]
[Site "Chess.com"]
[Date "2020.04.07"]
[Round "8"]
[White "AryanTari"]
[Black "VeraLevel"]
[Result "1-0"]
[WhiteElo "2901"]
[BlackElo "2734"]
[TimeControl "180+1"]
[EndTime "14:34:04 PDT"]
[Termination "AryanTari won by resignation"]

1. e4 c6 2. d4 d5 3. exd5 cxd5 4. Bd3 Nc6 5. c3 Nf6 6. h3 Qc7 7. Nf3 g6 8. Qc2 Bg7 9. O-O O-O 10. Be3 Rb8 11. Nbd2 b5 12. a3 a5 13. b4 a4 14.
Rae1 Nh5 15. Qc1 Nf4 16. Bc2 f6 17. Bb1 Kh8 18. Kh1 e5 19. Bxf4 exf4 20. Re2 Bd7 21.
Ne1 Nxd4 22. Re7 Nc6 23. Re2 Ne5 24. Nd3 Nxd3 25. Bxd3 Rfc8 26. Nf3 Qxc3 27. Qb1 Re8 28. Rc1 Qxa3 29. Rc7 Rxe2 30. Bxe2 Bf5 31. Qd1 Qb3 32. Qd4 Qb1+ 33. Kh2 Qe4 34. Qa7 Rg8 35. Nd4 a3 36.
Bf3 Qe5 37. Re7 a2 38. Rxe5 fxe5 39. Nxf5 gxf5 40. Bxd5 e4 41. Qxa2 Rd8 42. Bc6 Be5 43.
Qe6 f3+ 44. g3 Bxg3+ 45. Kxg3 Rg8+ 46. Kf4 Rf8 47. Qe5+ Kg8 48. Bd5+ Rf7 49. Qe8+ 1-0

[Event "*** Titled Tuesday Blitz"]
[Site "Chess.com"]
[Date "2020.04.07"]
[Round "8"]
[White "jmduque"]
[Black "MFBerna"]
[Result "1-0"]
[WhiteElo "2512"]
[BlackElo "2335"]
[TimeControl "180+1"]
[EndTime "14:34:05 PDT"]
[Termination "jmduque won on time"]

1. e4 c6 2. Nf3 d5 3. d3 dxe4 4. dxe4 Qxd1+ 5. Kxd1 Bg4 6. Be2 Nd7 7. Nfd2 Be6 8. Bc4 Bxc4 9. Nxc4 O-O-O 10. Ke2 e5 11. a4 Bc5 12. c3 Be7 13. Nbd2 Ngf6 14. f3 Ne8 15. Nb3 Nd6 16. Nxd6+ Bxd6 17. Be3 Kb8 18. Rhd1 Nb6 19. Nd2 Bc7 20. a5 Nd7 21. Nc4 f6 22. Rd2 Nf8 23. Rad1 Ne6 24. Rd7 Rxd7 25. Rxd7 Re8 26.
g3 Kc8 27. Rf7 Kb8 28. h4 h6 29. h5 Bd8 30. Rxb7+ Kxb7 31. Nd6+ Kc7 32. Nxe8+ Kd7 33.
Nxg7 Nxg7 34. Bxa7 Bxa5 35. g4 Ne6 36. Be3 Nf4+ 37.
Bxf4 exf4 38. e5 fxe5 39. g5 Ke6 40. gxh6 Kf6 41. Kd3 Bd8 42. Ke4 Be7 43. h7 Kg7 44. Kxe5 Kxh7 45. Kxf4 Kh6 46. Kf5 Kxh5 47. Ke6 Bg5 48.
Kd6 Bc1 49. b3 Bb2 50. c4 Kg5 51. Kxc6 Kf4 52. b4 Ke5 53. b5 Ke6 54. c5 Be5 55.
b6 Ke7 56. b7 Kd8 57. Kd5 Bb8 58. c6 Bc7 59. Kc5 Bb8 60. Kb6 Bd6 61. Ka7 Bc7 62.
Ka8 1-0

[Event "*** Titled Tuesday Blitz"]
[Site "Chess.com"]
[Date "2020.04.07"]
[Round "8"]
[White "Nastya_Rakhmangulova"]
[Black "PotapovaM"]
[Result "0-1"]
[WhiteElo "2375"]
[BlackElo "2546"]
[TimeControl "180+1"]
[EndTime "14:34:06 PDT"]
[Termination "PotapovaM won by resignation"]

1. e4 c5 2. Nf3 d6 3. d4 cxd4 4. Nxd4 Nf6 5. Nc3 a6 6. Bg5 e6 7. f4 h6 8. Bh4 Qb6 9. a3 Be7 10.
Bf2 Qc7 11. Be2 b5 12. Bf3 Bb7 13. O-O Nbd7 14. Qe2 O-O 15. Rae1 Nb6 16. e5 Nfd5 17. exd6 Bxd6 18. Nxd5 Nxd5 19. Nxe6 fxe6 20. Qxe6+ Kh8 21. Bxd5 Rf6 22. Qe4 Rxf4 23. Qd3 Bxd5 24. Qxd5 Rd8 25. Qb3 Rc4 26. Qh3 Rxc2 27. Rd1 Bxh2+ 28. Qxh2 Qxh2+ 29. Kxh2 Rxd1 30. Rxd1 Rxf2 31. Rd6 a5 32. b4 axb4 33.
axb4 Rf4 34. Rb6 Rxb4 35. g3 Kh7 36. Kh3 h5 37. Rb7 Kh6 38. Rb6+ g6 39. Rb8 Kg5 40.
Rb6 Rb3 41. Rb7 h4 0-1

[Event "*** Titled Tuesday Blitz"]
[Site "Chess.com"]
[Date "2020.04.07"]
[Round "8"]
[White "Cukiero"]
[Black "Chessterra87"]
[Result "0-1"]
[WhiteElo "2514"]
[BlackElo "2345"]
[TimeControl "180+1"]
[EndTime "14:34:06 PDT"]
[Termination "Chessterra87 won by resignation"]

1. e4 c5 2. Nf3 e6 3. d4 cxd4 4. Nxd4 a6 5. Bd3 Nf6 6. Qe2 d6 7. f4 Be7 8. O-O Nbd7 9. e5 Nd5 10. c4 Qb6 11. cxd5 Qxd4+ 12. Be3 Qxd5 13. Nc3 Qa5 14. exd6 Bxd6 15. f5 Ne5 16. Bf4 Nxd3 17. Qxd3 Bxf4 18. Rxf4 O-O 19. f6 g6 20. Rd1 e5 21. Rh4 Qb6+ 22. Kh1 Qxf6 23. Qg3 Be6 24. Ne4 Qg7 25. Rf1 f6 26. h3 Bd5 27. Nd6 Rad8 28. Ne4 Bxe4 29.
Rxe4 Qd7 30. Kh2 Qd3 31. Qe1 Rd4 32. Re3 Qb5 33. Qf2 Qc6 34. Rxe5 Qd6 35. Qg3 Qxe5 36.
Qxe5 fxe5 37. Re1 Rf5 38. Re3 Rd2 39. Rb3 Rff2 40. Rxb7 Rxg2+ 41. Kh1 Rxb2 0-1

[Event "*** Titled Tuesday Blitz"]
[Site "Chess.com"]
[Date "2020.04.07"]
[Round "8"]
[White "Natalya_Buksa"]
[Black "manmanlai1"]
[Result "0-1"]
[WhiteElo "2446"]
[BlackElo "2324"]
[TimeControl "180+1"]
[EndTime "14:34:06 PDT"]
[Termination "manmanlai1 won on time"]

1. e4 c6 2. Nf3 d5 3. Nc3 dxe4 4. Nxe4 Nf6 5. Nxf6+ exf6 6. Bc4 Bd6 7. Qe2+ Be7 8. O-O O-O 9. d4 Bd6 10. c3 Bg4 11. h3 Bh5 12. Bd3 Nd7 13. g4 Bg6 14. Nh4 Re8 15. Qf3 Bxd3 16. Qxd3 c5 17. Nf5 Qc7 18.
Be3 cxd4 19. Bxd4 Be5 20. Rad1 Rad8 21. Qf3 a6 22. Kg2 b5 23. Bxe5 Nxe5 24. Qe4 Nc4 25. Rxd8 Qxd8 26. Rd1 Qb8 27. Qc6 Nxb2 28. Rd7 Nc4 29.
Ne7+ Kh8 30. Rb7 Qa8 31. Qd7 Nd6 32. Nc6 Qxb7 33. Qxd6 Rc8 34. Kh2 Qxc6 35. Qd2 Qxc3 36.
Qd5 h6 37. h4 Qe5+ 38. Qxe5 fxe5 0-1